 Dungeon Crawl Stone Soup version 0.26-b1-32-g5d43845318 (webtiles) character file.

Game seed: 790958408247248401

2270 Borgoz the Cudgeller (level 9, -8/55 HPs)
             Began as a Gargoyle Gladiator on Jan 11, 2021.
             Mangled by ubloh's ghost (11 damage)
             ... on level 7 of the Dungeon.
             The game lasted 00:10:01 (6225 turns).

Borgoz the Cudgeller (Gargoyle Gladiator)           Turns: 6225, Time: 00:10:02

Health: -8/55      AC: 13    Str: 17      XL:     9   Next: 38%
Magic:  9/9        EV: 19    Int: 10      God:
Gold:   290        SH:  0    Dex: 17 (20) Spells: 5/8 levels left

rFire    . . .     SeeInvis .   A - +0 morningstar
rCold    . . .     Faith    .   (no shield)
rNeg     + . .     Spirit   .   h - +0 ring mail
rPois    ∞         Reflect  .   c - +0 helmet
rElec    +         Harm     .   (no cloak)
rCorr    .         Rampage  .   (no gloves)
Will     .....                  (no boots)
Stlth    +.........             m - amulet of regeneration
HPRegen  0.58/turn              i - +6 ring of dexterity
MPRegen  0.11/turn              z - +4 ring of evasion

@: berserk cooldown, slowed, very slow
A: negative energy resistance 1, electricity resistance, unbreathing,
petrification resistance, miasma immunity, AC +6
a: no special abilities


You were on level 7 of the Dungeon.
You visited 2 branches of the dungeon, and saw 8 of its levels.

You collected 615 gold pieces.
You spent 325 gold pieces at shops.

Inventory:

Hand Weapons
 A - a +0 morningstar (weapon)
Missiles
 d - 2 throwing nets (quivered)
Armour
 c - a +0 helmet (worn)
 h - a +0 ring mail (worn)
Jewellery
 i - a +6 ring of dexterity (left hand)
 m - an amulet of regeneration (around neck)
 v - an uncursed ring of willpower
 z - a +4 ring of evasion (right hand)
Wands
 f - a wand of acid (5)
 x - a wand of paralysis (11)
Scrolls
 a - a scroll of immolation {unknown}
 j - 2 scrolls of noise {unknown}
 k - 7 scrolls of remove curse
 l - 7 scrolls of teleportation
 n - a scroll of enchant weapon {unknown}
 p - 3 scrolls of amnesia {unknown}
 t - 2 scrolls of blinking {unknown}
 w - 2 scrolls of random uselessness {unknown}
 y - a scroll of fog {unknown}
Potions
 b - 2 potions of heal wounds
 e - a potion of mutation
 o - a potion of curing
 q - 2 potions of berserk rage
 r - a potion of haste
 u - a potion of flight


   Skills:
 * Level 5.7 Fighting
 * Level 7.7 Maces & Flails
 - Level 1.7 Throwing
 * Level 5.2 Armour
 * Level 6.3 Dodging
 + Level 0.2 Spellcasting
 + Level 0.2 Hexes


You had 5 spell levels left.
You knew the following spells:

 Your Spells              Type           Power        Failure   Level
a - Confusing Touch       Hex            0%           87%         3

Your spell library contained the following spells:

 Spells                   Type           Power        Failure   Level
 Corona                   Hex            0%           52%         1
 Ensorcelled Hibernation  Hex/Ice        0%           67%         2
 Tukima's Dance           Hex            0%           87%         3
 Dazzling Flash           Conj/Hex       0%           88%         3


Dungeon Overview and Level Annotations

Branches:
Dungeon (7/15)             Temple (1/1) D:4

Altars:
Ashenzari
Cheibriados
Dithmenos
Elyvilon
Fedhas
Hepliaklqana
Kikubaaqudgha
Makhleb
Nemelex Xobeh
Okawaru
Qazlal
Ru
Sif Muna
Trog
Uskayaw
Vehumet
Wu Jian
Xom
Yredelemnul
Zin
The Shining One

Shops:
D:5 *   D:7 :

Annotations:
D:7 1 transporter, ubloh's ghost, novice FoFi


Innate Abilities, Weirdness & Mutations

You are resistant to torment.
Your stone body is resilient. (AC +6)
You are immune to poison.
You resist negative energy. (rN+)
You are resistant to electric shocks. (rElec)
You can survive without breathing.
You are immune to petrification.
You are immune to miasma.


Message History

Ubloh's ghost is lightly damaged.
Ubloh's ghost barely misses you.
You closely miss ubloh's ghost.
Ubloh's ghost is lightly damaged.
Ubloh's ghost hits you!!
You closely miss ubloh's ghost.
Ubloh's ghost is lightly damaged.
You are no longer berserk.
You are exhausted.
You feel yourself slow down.
You hit ubloh's ghost but do no damage.
Ubloh's ghost is lightly damaged.
Ubloh's ghost hits you.
* * * LOW HITPOINT WARNING * * *
Ubloh's ghost hits you!
* * * LOW HITPOINT WARNING * * *
You barely miss ubloh's ghost.
Ubloh's ghost is lightly damaged.
Ubloh's ghost hits you!
You die...

#######>................
#..........#....#####
#.#.....####..#.#
##.............#.#
#..####.©.####...##
##.##..#####..###).####
#..#.....?)..#..##)÷)!!
#.##$##..=###....#.####
#.#.5W@$#.....#.##.....
#.#..##..©..#...#..####
#.#..5...#..##..#......
#.##...#...#....#...... #######
#..#....#......##....#. #.....#
##.#####..###©##..#..#.
#....(####.....####©###...#####
#.....'.................#.#
#.....####......###...###.# ###


You could see a quasit and ubloh's ghost.

Vanquished Creatures
  Grinder (D:3)
  2 orc warriors
  2 phantoms
  5 ogres
  4 centaurs
  A gnoll sergeant (D:6)
  A water moccasin skeleton (D:4)
  2 scorpions (D:7)
  A centaur zombie (D:6)
  3 quasits (D:7)
  2 orc priests
  A bullfrog skeleton (D:5)
  6 orc wizards
  A centaur skeleton (D:7)
  Terence (D:3)
  An iguana (D:7)
  A worker ant (D:4)
  A hound zombie (D:5)
  5 gnolls (D:6)
  5 adders
  A white imp (D:6)
  3 adder skeletons
  7 worms
  2 dart slugs
  6 leopard geckos
  30 orcs
  5 bats
  7 giant cockroaches
  4 goblins
  9 hobgoblins
  4 jackals
  5 kobolds
  2 quokkas
  8 frilled lizards
  8 rats
147 creatures vanquished.

Vanquished Creatures (others)
  2 frilled lizards (D:2)
  2 plants (D:5)
4 creatures vanquished.

Grand Total: 151 creatures vanquished

Notes
Turn   | Place    | Note
-------+----------+-------------------------------------------
     0 | D:1      | Borgoz the Gargoyle Gladiator began the quest for the Orb.
     0 | D:1      | Reached XP level 1. HP: 12/12 MP: 1/1
   216 | D:1      | Reached XP level 2. HP: 17/17 MP: 2/2
   848 | D:2      | Reached XP level 3. HP: 22/22 MP: 3/3
   999 | D:2      | Found a shimmering blue altar of Sif Muna.
   999 | D:2      | Found a stormy altar of Qazlal.
   999 | D:2      | Found a snail-covered altar of Cheibriados.
  1033 | D:2      | Reached skill level 1 in Armour
  1246 | D:2      | Found an iron altar of Okawaru.
  1335 | D:2      | Found a white marble altar of Elyvilon.
  1855 | D:2      | Reached XP level 4. HP: 7/27 MP: 4/4
  2027 | D:3      | Reached skill level 4 in Maces & Flails
  2039 | D:3      | Reached XP level 5. HP: 5/32 MP: 5/5
  2128 | D:3      | Noticed Terence
  2137 | D:3      | Killed Terence
  2477 | D:3      | Reached XP level 6. HP: 37/37 MP: 6/6
  2688 | D:3      | Noticed Grinder
  2713 | D:3      | Killed Grinder
  2714 | D:3      | Reached skill level 5 in Maces & Flails
  2902 | D:4      | Reached XP level 7. HP: 42/42 MP: 7/7
  2925 | D:4      | Found a staircase to the Ecumenical Temple.
  2941 | Temple   | Entered the Ecumenical Temple
  3663 | D:5      | Entered Level 5 of the Dungeon
  3714 | D:5      | Reached skill level 6 in Maces & Flails
  3714 | D:5      | Reached XP level 8. HP: 13/48 MP: 8/8
  3831 | D:5      | Reached skill level 5 in Dodging
  3898 | D:5      | Found Zin's Purification Station.
  3903 | D:5      | Found a glowing silver altar of Zin.
  4186 | D:5      | Found a burning altar of Makhleb.
  4836 | D:6      | Reached skill level 5 in Fighting
  5038 | D:6      | Reached skill level 7 in Maces & Flails
  5298 | D:6      | Reached XP level 9. HP: 43/54 MP: 9/9
  5369 | D:6      | Found a blossoming altar of Fedhas.
  5660 | D:7      | Noticed ubloh's ghost (novice FoFi)
  5667 | D:7      | Found a transporter.
  5759 | D:7      | Reached skill level 5 in Armour
  5822 | D:7      | Found Limpiry's Book Emporium.
  5846 | D:7      | Bought a book of Maledictions for 325 gold pieces
  5850 | D:7      | Learned a level 3 spell: Confusing Touch
  5896 | D:7      | Found a hide-covered altar of Uskayaw.
  5897 | D:7      | Noticed a +0 dagger
  5898 | D:7      | Noticed a +0 hand axe
  6086 | D:7      | Found a transporter.
  6224 | D:7      | HP: 2/55 [ubloh's ghost (14)]
  6225 | D:7      | Mangled by ubloh's ghost

Illustrated notes

Levels and vault maps discovered:
D:1:      lemuel_arrival_room, layout_loops_ring
D:2:      layout_loops_cross, gammafunk_temple_overflow_claw,
          kennysheep_okawaru_gauntlet, elyvilon_altar_4
D:3:      layout_loops_cross, uniq_grinder, uniq_terence
D:4:      layout_gridville, minmay_temple_entry_waves
D:5:      layout_basic, zin_purify, lemuel_doored_altar,
          minmay_misc_feat_four_crosses, dk_noncrumbling_4, serial_bayou_ford_a
D:6:      layout_loops_corners, lemuel_coloured_pillars_altar
D:7:      layout_basic, dancing_weapons_uskayaw, gammafunk_ghost_stat_death,
          serial_shops, nicolae_shop_stone
Temple:   nicolae_temple_no_exploring_needed

Skill      XL: |  1  2  3  4  5  6  7  8  9 |
---------------+----------------------------+-----
Armour         | 1 2 3 4 5 |  5.2
Dodging        | 3 4 5 6 |  6.3
Fighting       | 3 4 5 |  5.7
Maces & Flails | 4 5 6 7 |  7.7
Throwing       | |  1.7
Spellcasting   | |  0.2
Hexes          | |  0.2

Action                   |  1- 3 |  4- 6 |  7- 9 || total
-------------------------+-------+-------+-------++-------
Melee: Flail             |   157 |   129 |   124 ||   410
       Mace              |       |       |   197 ||   197
       Morningstar       |       |       |    54 ||    54
Throw: Throwing net      |     1 |     3 |     1 ||     5
  Use: Scroll            |       |     2 |     7 ||     9
       Potion            |       |     1 |     4 ||     5
 Stab: Sleeping          |     1 |       |     1 ||     2
       Held in net/web   |       |     2 |       ||     2
Armor: Leather armour    |    28 |       |       ||    28
       Ring mail         |    58 |    72 |   141 ||   271
Dodge: Dodged            |   125 |    92 |   427 ||   644
